 Dungeon Crawl Stone Soup version 0.17-a0-1394-gde347b4 (webtiles) character file.

208 Hurge the Ducker (level 5, -1/46 HPs)
             Began as a Draconian Fighter on June 16, 2015.
             Slain by Blork the orc
             ... wielding a +0 short sword
              (4 damage)
             ... on level 4 of the Dungeon.
             The game lasted 00:10:38 (2286 turns).

Hurge the Ducker (Draconian Fighter)                Turns: 2286, Time: 00:10:39

Health: -1/46      AC:  5    Str: 24    XL:     5   Next: 55%
Magic:  5/5        EV: 11    Int:  9    God:
Gold:   116        SH: 11    Dex: 10    Spells: 0 memorised, 4 levels left

rFire  . . .     SeeInvis .     a - +1 war axe
rCold  . . .     Clarity  .     (armour unavailable)
rNeg   . . .     SustAt   .     b - +2 shield
rPois  .         Gourm    .     (helmet restricted)
rElec  .         Spirit   .     (no cloak)
rCorr  .         Warding  .     (no gloves)
rMut   .         Stasis   .     (no boots)
MR     .....                    (no amulet)
Stlth  +.........               (no ring)
                                j - +5 ring of strength

@: not resistant to hostile enchantments, very unstealthy
A: unfitting armour, cold-blooded, AC +5
a: no special abilities


You were on level 4 of the Dungeon.
You were hungry.

You visited 1 branch of the dungeon, and saw 4 of its levels.

You collected 116 gold pieces.

Inventory:

Hand weapons
 a - a +1 war axe (weapon)
 m - a +0 falchion
 p - the +5 short sword of Fragile Peace {freeze, rC+ Int+4, unknown}
   (You found it on level 4 of the Dungeon)

   It has been specially enchanted to freeze those struck by it, causing extra
   injury to most foes and up to half again as much damage against particularly
   susceptible opponents.
   It can also slow down cold-blooded creatures.
   It affects your intelligence (+4).
   It protects you from cold.
Armour
 b - a +2 shield (worn)
Jewellery
 j - a +5 ring of strength (left hand)
Magical devices
 f - a wand of flame (10)
Scrolls
 e - a scroll of identify
 l - a scroll of amnesia
Potions
 c - a potion of might
 d - a potion of ambrosia {unknown}
 h - 2 potions of agility {unknown}
 i - a potion of poison {unknown}
 n - a potion of brilliance {unknown}
 o - a potion of flight {unknown}
 q - a potion of cancellation {unknown}
Comestibles
 g - 2 meat rations
 k - 2 bread rations


   Skills:
 + Level 3.9 Fighting
 + Level 2.8 Axes
 + Level 4.4 Dodging
 + Level 0.2 Stealth
 + Level 4.0 Shields


You had 4 spell levels left.
You didn't know any spells.

Dungeon Overview and Level Annotations

Branches:
Dungeon (4/15)
 Temple: D:4-7

Altars:
Dithmenos
Nemelex Xobeh

Annotations:
D:4 Blork the orc, Duvessa


Innate Abilities, Weirdness & Mutations

Your plain brown scales are hard (AC +5).
Your body does not fit into most forms of armour.
You are cold-blooded and may be slowed by cold attacks.


Message History

Blork the orc is moderately wounded.
You block Blork the orc's attack.
You hit Blork the orc.
Blork the orc is heavily wounded.
You block Blork the orc's attack.
Blork the orc hits you but does no damage.
You barely miss Blork the orc.
Blork the orc is heavily wounded.
Blork the orc hits you but does no damage.
Duvessa, Sister of Dowan comes into view.
She is wielding a short sword.
You completely miss Blork the orc. You tail-slap Blork the orc.
Blork the orc is heavily wounded.
Blork the orc hits you with a short sword!
* * * LOW HITPOINT WARNING * * *
Blork the orc casts a spell at you. The magic dart hits you!
* * * LOW HITPOINT WARNING * * *
You are feeling hungry.
Blork the orc hits you with a short sword.
You die...

#... #..# #..#
#..#####.. #...
#......... ...#
##.#####.. #..#
##.##### ...#
#...eo.# ...#
##.###@# .#.# #.#
#.# .#.#########.#
#.# .....[.......#
#.#
#.#####.##..)....#
#.# #.##.......# #.#
#.............
#.########.......#..
.................# .


You could see Duvessa and Blork the orc.

Vanquished Creatures
  Ijyb (D:2)
  A hound (D:4)
  A worker ant (D:3)
  6 adders
  An ooze (D:1)
  3 worms
  9 bats
  5 giant cockroaches
  6 hobgoblins
  8 jackals
  A quokka (D:2)
  3 giant newts
  15 goblins
  4 kobolds
  8 rats
72 creatures vanquished.

Notes
Turn   | Place    | Note
--------------------------------------------------------------
     0 | D:1      | Hurge the Draconian Fighter began the quest for the Orb.
     0 | D:1      | Reached XP level 1. HP: 19/19 MP: 1/1
   111 | D:1      | Reached XP level 2. HP: 19/26 MP: 2/2
   352 | D:1      | Reached XP level 3. HP: 22/31 MP: 3/3
   783 | D:2      | Found a shadowy altar of Dithmenos.
   808 | D:2      | Noticed Ijyb
   839 | D:2      | Killed Ijyb
   839 | D:2      | Reached XP level 4. HP: 30/40 MP: 4/4
  1001 | D:2      | Reached skill level 4 in Dodging
  1563 | D:3      | Reached XP level 5. HP: 44/46 MP: 5/5
  2189 | D:4      | Found a staircase to the Ecumenical Temple.
  2236 | D:4      | Got a translucent short sword
  2255 | D:4      | Found a sparkling altar of Nemelex Xobeh.
  2265 | D:4      | Noticed Blork the orc
  2283 | D:4      | Noticed Duvessa
  2286 | D:4      | Slain by Blork the orc

Vault maps used:
D:1:      ncdulo_wetmaze, minmay_surrounded
D:2:      kennysheep_the_goblin_king, grunt_dithmenos_smoke
D:3:      okawaru_altar_gauntlet_db, first_bread
D:4:      kiku_gazebo_garden_becter, nemelex_deck, kennysheep_mini_moat,
          temple_fountains, hex_tiny, uniq_blork_the_orc, uniq_robin,
          uniq_duvessa

Action                   |  1- 3 |  4- 6 || total
-------------------------+-------+-------++-------
Melee: War axe           |   100 |   113 ||   213
  Use: Scroll            |     3 |     5 ||     8
  Eat: Bread ration      |       |     1 ||     1
